 Dungeon Crawl Stone Soup version 0.18.1-6-gd335043 (webtiles) character file.

34237 mopl the Severer (level 13, -2/113 HPs)
             Began as a Hill Orc Fighter on May 17, 2016.
             Was a High Priest of the Shining One.
             Slain by a freezing wraith (22 damage)
             ... led by a death knight
             ... on level 13 of the Dungeon.
             The game lasted 00:27:37 (14449 turns).

mopl the Severer (Hill Orc Fighter)                Turns: 14449, Time: 00:27:37

Health: -2/113     AC: 13    Str: 20    XL:     13   Next: 76%
Magic:  20/20      EV: 14    Int:  8    God:    the Shining One [*****.]
Gold:   787        SH:  6    Dex: 14    Spells: 0 memorised, 12 levels left

rFire  + . .     SeeInvis .     a - +2 battleaxe
rCold  . . .     Gourm    .     H - +1 ring mail of Esysudwa {rElec rF+}
rNeg   + + .     Faith    .     (shield currently unavailable)
rPois  +         Spirit   .     (no helmet)
rElec  +         Dismiss  .     i - +2 cloak
rCorr  .         Reflect  +     j - +0 pair of gloves
SustAt .         Harm     .     (no boots)
MR     .....                    C - +6 amulet of reflection
Stlth  +.........               U - ring of wizardry
                                c - ring of poison resistance

@: slowed, glowing, very slow, not resistant to hostile enchantments, very
unstealthy
A: no striking features
a: Divine Shield, Cleansing Flame, Summon Divine Warrior, Renounce Religion


You were on level 13 of the Dungeon.
You worshipped the Shining One.
The Shining One was extremely pleased with you.
You were not hungry.

You visited 2 branches of the dungeon, and saw 14 of its levels.
You also visited: Labyrinth and Sewer.

You collected 787 gold pieces.

Inventory:

Hand Weapons
 a - a +2 battleaxe (weapon)
 b - the +0 war axe of Sequestration {holy, rElec Str+4}
   (You found it on level 4 of the Dungeon)

   It has been blessed by the Shining One to cause great damage to the undead
   and demons.
   It affects your strength (+4).
   It insulates you from electricity.
 k - a +0 broad axe of freezing
 t - a +2 falchion of flaming
Missiles
 T - 8 tomahawks (quivered)
Armour
 i - a +2 cloak (worn)
 j - a +0 pair of gloves (worn)
 H - the +1 ring mail of Esysudwa (worn) {rElec rF+}
   (You found it on level 10 of the Dungeon)

   It protects you from fire.
   It insulates you from electricity.
 Y - a +2 troll leather armour
Jewellery
 c - a ring of poison resistance (left hand)
 C - a +6 amulet of reflection (around neck)
 N - an uncursed ring of fire
 O - an uncursed ring of flight
 U - a ring of wizardry (right hand)
Wands
 o - a wand of heal wounds (3/9)
 Q - a wand of paralysis (10/24)
 R - a wand of disintegration (14/24)
 V - a wand of iceblast (5/15)
 X - a wand of enslavement (15/24)
 Z - a wand of acid (4/15)
Scrolls
 e - 5 scrolls of teleportation
 h - 8 scrolls of remove curse
 l - 2 scrolls of magic mapping
 q - 3 scrolls of blinking
 r - 2 scrolls of enchant weapon {unknown}
 s - a scroll of brand weapon {unknown}
 y - 2 scrolls of fear {unknown}
 z - 4 scrolls of recharging
 A - 2 scrolls of immolation
 D - a scroll of vulnerability {unknown}
 J - a scroll of fog {unknown}
 M - a scroll of random uselessness {unknown}
 W - 2 scrolls of enchant armour {unknown}
Potions
 d - 2 potions of might
 g - 5 potions of agility
 m - 2 potions of ambrosia
 n - 9 potions of curing
 p - 2 potions of flight
 u - 6 potions of heal wounds
 w - a potion of brilliance
 E - 2 potions of cancellation
 K - a potion of cure mutation {unknown}
 L - 3 potions of haste
 P - 2 potions of lignification {!q}
Miscellaneous
 v - a phantom mirror
 I - a sack of spiders
 S - a lamp of fire
Comestibles
 f - 6 bread rations
 x - 13 meat rations
 B - 6 beef jerkies
 F - 15 fruits
 G - 9 slices of pizza


   Skills:
 + Level 10.0 Fighting
 * Level 18.9 Axes
 * Level 11.8 Armour
 + Level 6.3 Dodging
   Level 3.2 Shields
 + Level 9.9 Invocations


You had 12 spell levels left.
You didn't know any spells.

Dungeon Overview and Level Annotations

Branches:
Dungeon (13/15)            Temple (1/1) D:5            Lair (0/8) D:9
    Orc (0/2) D:10
 Vaults: D:13-14

Altars:
Ashenzari
Cheibriados
Dithmenos
Elyvilon
Fedhas
Gozag
Kikubaaqudgha
Makhleb
Nemelex Xobeh
Okawaru
Pakellas
Qazlal
Ru
Sif Muna
Trog
Vehumet
Xom
Yredelemnul
Zin
The Shining One

Shops:
D:10 *

Annotations:
D:9 exclusion: downstairs
D:10 exclusion: downstairs


Message History

The Shining One accepts your kill.
You feel better. You block the freezing wraith's attack.
The freezing wraith hits you!
* * * LOW HITPOINT WARNING * * *
The freezing wraith drains your vigour!
You feel yourself slow down.
Unknown command.
You hit the freezing wraith.
The freezing wraith is almost destroyed.
The freezing wraith hits you but does no damage. x2
Unknown command.
You barely miss the freezing wraith.
The freezing wraith is almost destroyed.
The freezing wraith closely misses you. You block the freezing wraith's attack.
Unknown command.
You barely miss the freezing wraith.
The freezing wraith is almost destroyed.
The freezing wraith hits you.
* * * LOW HITPOINT WARNING * * *
The freezing wraith freezes you!!
You die...

,,*********,,*****#.*,......#.(..
,,,,,,,,,..,,*,,,,#.###....,#∩...
,,,,,,,,,...,*,,,,#...#....,#....
,,,,,,,,,....+,,,,#...#.....#....
,,,,,,,,,....######...#.....#....
,,,,,,,,,......(......#.....#....
*,,,,,<,,.............#.....#....
*,,,,,,,,......W......#.....#....
*,,,,,,,,......)@.†.#'#.....#....
*,,,,,,,*####'##...)#.......#####
*,,,,,,,*,,,,,,#....#............
*,,,,,,,*,,,,,,#o...#............
*,,,,,,,*,,,,,,#....#####........
*,,,,,,,*,,,,,,#.....,,,#........
*,,,,,,,*,,,,,,#......,,#........
*,,,,,,,+,,,,,,#.......,#........
*,,,,,,,+,******,,,,,,,,#.......(


You could see a freezing wraith and an orc.

Vanquished Creatures
  A minotaur (Lab)
  A hydra (D:9)
  A death knight (D:13)
  A centaur warrior (D:13)
  3 skeletal warriors (D:13)
  4 hill giants
  The ghost of Britaniac the Basher, a novice GrFi (D:6)
  A deep elf mage (D:13)
  A phantasmal warrior (D:13)
  Pikel (D:7)
  2 ugly things
  3 cyclopes
  The ghost of Guinours the Shield-Bearer, a novice GrFi of Xom (D:7)
  6 gargoyles
  A spiny frog (D:9)
  2 kobold demonologists
  3 trolls
  Grinder (D:6)
  4 slime creatures
  3 two-headed ogres
  Sigmund (D:5)
  2 wraiths (D:13)
  10 yaks
  7 vampire mosquitoes (D:12)
  2 hungry ghosts
  4 hippogriffs
  Edmund (D:4)
  Duvessa (D:4)
  4 orc warriors
  4 sky beasts
  5 phantoms
  3 wasps
  An eye of draining (D:12)
  A swamp drake (D:10)
  5 ice beasts
  3 black bears
  7 ogres
  7 centaurs
  4 big kobolds
  10 giant frogs
  Blork the orc (D:4)
  Dowan (D:4)
  9 killer bees
  8 scorpions
  8 wights
  2 howler monkeys (D:13)
  3 giant frog zombies
  6 crimson imps
  6 jellies
  A quasit (D:9)
  8 hounds
  10 orc priests
  2 centaur skeletons
  2 giant frog skeletons
  5 iguanas
  12 worker ants
  11 orc wizards
  2 sheep (D:9)
  A hound zombie (D:6)
  A hound skeleton (D:11)
  A worker ant zombie (D:7)
  6 gnolls
  11 adders
  4 shadow imps
  3 oozes
  An adder zombie (D:8)
  2 worms (D:2)
  2 dart slugs
  5 giant geckos
  42 orcs
  3 ball pythons (D:3)
  6 giant cockroaches
  9 goblins
  10 hobgoblins
  17 jackals
  21 kobolds
  5 quokkas
  10 bats
  A giant gecko skeleton (D:8)
  6 giant newts
  A jackal skeleton (D:8)
  A quokka skeleton (D:6)
  9 rats
398 creatures vanquished.

Vanquished Creatures (others)
  A centaur (D:13)
1 creature vanquished.

Grand Total: 399 creatures vanquished

Notes
Turn   | Place    | Note
--------------------------------------------------------------
     0 | D:1      | mopl the Hill Orc Fighter began the quest for the Orb.
     0 | D:1      | Reached XP level 1. HP: 19/19 MP: 1/1
    54 | D:1      | Reached skill level 3 in Axes
    64 | D:1      | Reached XP level 2. HP: 11/26 MP: 2/2
   298 | D:1      | Reached skill level 4 in Axes
   459 | D:1      | Reached XP level 3. HP: 31/31 MP: 3/3
   760 | D:2      | Found a sacrificial altar of Ru.
   849 | D:2      | Found a white marble altar of Elyvilon.
   923 | D:2      | Became a worshipper of Elyvilon the Healer
  1116 | D:2      | Reached skill level 5 in Axes
  1128 | D:2      | Found a basalt altar of Yredelemnul.
  1179 | D:2      | Found a stormy altar of Qazlal.
  1211 | D:2      | Found a radiant altar of Vehumet.
  1528 | D:3      | Reached XP level 4. HP: 39/39 MP: 4/4
  1579 | D:3      | Reached * piety under Elyvilon
  1686 | D:3      | Found a glowing drain.
  1717 | Sewer    | Entered a sewer
  1757 | Sewer    | Reached skill level 6 in Axes
  2562 | D:3      | Reached XP level 5. HP: 17/45 MP: 5/5
  2860 | D:3      | Reached skill level 7 in Axes
  2925 | D:4      | Noticed an ogre
  2935 | D:4      | Killed an ogre
  2935 | D:4      | Reached skill level 8 in Axes
  2935 | D:4      | Reached XP level 6. HP: 7/51 MP: 6/6
  3278 | D:4      | Reached skill level 9 in Axes
  3295 | D:4      | Got a steaming war axe
  3296 | D:4      | Identified the +0 war axe of Sequestration {holy, rElec Str+4} (You found it on level 4 of the Dungeon)
  3515 | D:4      | Found an opulent altar of Gozag.
  3804 | D:4      | Reached XP level 7. HP: 42/57 MP: 7/7
  4369 | D:4      | Reached skill level 10 in Axes
  4481 | D:4      | Reached ** piety under Elyvilon
  4487 | D:4      | Noticed Duvessa
  4487 | D:4      | Noticed Dowan
  4504 | D:4      | Killed Duvessa
  4504 | D:4      | Reached skill level 1 in Invocations
  4526 | D:4      | Killed Dowan
  4526 | D:4      | Reached skill level 4 in Armour
  4648 | D:4      | Noticed Edmund
  4660 | D:4      | Killed Edmund
  4660 | D:4      | Reached skill level 4 in Fighting
  4660 | D:4      | Reached skill level 1 in Dodging
  4660 | D:4      | Reached XP level 8. HP: 35/66 MP: 9/9
  4840 | D:4      | Reached skill level 2 in Invocations
  4985 | D:4      | Noticed Blork the orc
  4997 | D:4      | Killed Blork the orc
  5001 | D:4      | Found an oddly glowing altar of Pakellas.
  5001 | D:4      | Noticed a green ugly thing
  5226 | D:5      | Entered Level 5 of the Dungeon
  5285 | D:5      | Reached skill level 3 in Invocations
  5290 | D:5      | Found a burning altar of Makhleb.
  5300 | D:5      | Reached skill level 5 in Armour
  5300 | D:5      | Reached skill level 2 in Dodging
  5308 | D:5      | Found a staircase to the Ecumenical Temple.
  5351 | Temple   | Entered the Ecumenical Temple
  5473 | D:5      | Reached skill level 11 in Axes
  5641 | D:5      | Noticed Sigmund
  5656 | D:5      | Killed Sigmund
  5656 | D:5      | Reached skill level 5 in Fighting
  5656 | D:5      | Reached skill level 4 in Invocations
  5656 | D:5      | Reached XP level 9. HP: 58/74 MP: 10/12
  5771 | D:5      | Found a snail-covered altar of Cheibriados.
  5777 | D:5      | Found a blossoming altar of Fedhas.
  6131 | D:6      | Noticed Britaniac's ghost (novice GrFi)
  6154 | D:6      | Killed Britaniac's ghost
  6154 | D:6      | Reached skill level 12 in Axes
  6154 | D:6      | Reached skill level 6 in Armour
  6154 | D:6      | Reached skill level 3 in Dodging
  6490 | D:6      | Found a shattered altar of Ashenzari.
  6508 | D:6      | Noticed Grinder
  6533 | D:6      | Paralysed by Grinder for 5 turns
  6539 | D:6      | Killed Grinder
  6539 | D:6      | Reached skill level 5 in Invocations
  6844 | D:6      | Reached *** piety under Elyvilon
  6947 | D:6      | Reached skill level 7 in Armour
  7299 | D:6      | Reached skill level 6 in Fighting
  7435 | D:7      | Noticed Guinours's ghost (novice GrFi)
  7448 | D:7      | Killed Guinours's ghost
  7448 | D:7      | Reached XP level 10. HP: 36/83 MP: 14/14
  7717 | D:7      | Found a shimmering altar of Xom.
  7950 | D:7      | Reached skill level 6 in Invocations
  8104 | D:7      | Found a stormy altar of Qazlal.
  8178 | D:7      | Noticed Pikel
  8202 | D:7      | Killed Pikel
  8202 | D:7      | Reached skill level 13 in Axes
  8202 | D:7      | Reached skill level 8 in Armour
  8669 | D:8      | Reached **** piety under Elyvilon
  9097 | D:8      | Reached skill level 7 in Fighting
  9097 | D:8      | Reached skill level 4 in Dodging
  9143 | D:8      | Found a bloodstained altar of Trog.
  9249 | D:9      | Reached skill level 7 in Invocations
  9439 | D:9      | Reached skill level 9 in Armour
  9616 | D:9      | Found a glowing golden altar of the Shining One.
  9662 | D:9      | Noticed a spiny frog
  9680 | D:9      | Killed a spiny frog
  9680 | D:9      | Reached XP level 11. HP: 52/92 MP: 16/16
  9888 | D:9      | Fell from the grace of Elyvilon
  9888 | D:9      | Became a worshipper of the Shining One
  9888 | D:9      | Reached * piety under the Shining One
  9888 | D:9      | Reached ** piety under the Shining One
 10066 | D:9      | Noticed a three-headed hydra
 10070 | D:9      | Killed a one-headed hydra
 10070 | D:9      | Reached skill level 14 in Axes
 10176 | D:9      | Found a staircase to the Lair.
 10370 | D:9      | Found a blossoming altar of Fedhas.
 10423 | D:9      | Found a deep blue altar of Sif Muna.
 10472 | D:9      | Reached skill level 8 in Fighting
 10602 | D:9      | Reached skill level 17 in Axes
 10602 | D:9      | Reached XP level 12. HP: 101/101 MP: 17/17
 10614 | D:10     | Entered Level 10 of the Dungeon
 10673 | D:10     | Found Zuhed's Elemental Accessories.
 11298 | D:10     | Found a staircase to the Orcish Mines.
 11309 | D:10     | Reached skill level 5 in Dodging
 11328 | D:10     | Got a crude ring mail
 11357 | D:10     | Identified the cursed +1 ring mail of Esysudwa {rElec rF+} (You found it on level 10 of the Dungeon)
 11421 | D:10     | Reached skill level 8 in Invocations
 11584 | D:11     | Reached *** piety under the Shining One
 11631 | D:11     | Reached skill level 10 in Armour
 12463 | D:12     | Reached skill level 18 in Axes
 12543 | D:12     | Reached **** piety under the Shining One
 12544 | D:12     | Reached skill level 9 in Fighting
 12632 | D:12     | Reached XP level 13. HP: 111/111 MP: 19/19
 13040 | D:12     | Reached skill level 11 in Armour
 13167 | D:12     | Reached skill level 9 in Invocations
 13409 | D:13     | Reached ***** piety under the Shining One
 13427 | D:13     | Reached skill level 6 in Dodging
 13449 | D:13     | Found a labyrinth entrance.
 13458 | Lab      | Entered a labyrinth
 13911 | Lab      | Noticed a minotaur
 13920 | Lab      | Killed a minotaur
 14395 | D:13     | Reached skill level 10 in Fighting
 14449 | D:13     | Slain by a freezing wraith

Skill      XL: |  1  2  3  4  5  6  7  8  9 10 11 12 13 |
---------------+----------------------------------------+-----
Axes           | 3 4 5 6 8 9 10 11 12 13 17 18 | 18.9
Invocations    | 1 4 5 7 8 9 |  9.9
Armour         | 4 5 7 9 10 11 | 11.8
Fighting       | 4 5 6 7 8 9 10 | 10.0
Dodging        | 1 2 3 4 5 6 |  6.3
Shields        | |  3.2

Action                   |  1- 3 |  4- 6 |  7- 9 | 10-12 | 13-15 || total
-------------------------+-------+-------+-------+-------+-------++-------
Melee: War axe           |   117 |   179 |   342 |   137 |       ||   775
       Battleaxe         |       |       |       |   408 |   198 ||   606
       Falchion          |       |       |       |     5 |       ||     5
Invok: Greater Healing   |       |       |       |     3 |       ||     3
  Use: Scroll            |     1 |       |     1 |     9 |     7 ||    18
       Potion            |       |     2 |       |     1 |     2 ||     5
  Eat: Chunk             |     2 |     8 |    12 |    25 |     6 ||    53
       Royal jelly       |       |       |       |     1 |       ||     1
       Pizza             |       |       |       |     1 |       ||     1
       Beef jerky        |       |       |       |     1 |       ||     1
       Fruit             |       |       |       |       |     2 ||     2
Armor: Scale mail        |    78 |   107 |    71 |       |       ||   256
       Ring mail         |       |       |     8 |    60 |    50 ||   118
       Chain mail        |       |       |    36 |    53 |       ||    89
       Plate armour      |       |       |       |   185 |       ||   185
Dodge: Dodged            |    51 |    86 |    92 |   191 |    99 ||   519
Block: Shield            |    57 |   104 |    49 |    56 |       ||   266
       Buckler           |       |     4 |    24 |       |       ||    28
       Other             |       |       |       |    55 |    45 ||   100
       Reflection        |       |       |       |     2 |     8 ||    10
